 Dungeon Crawl Stone Soup version 0.18-a0-1028-g6e46bd4 (webtiles) character file.

206 Leibowitz the Shield-Bearer (level 5, -3/45 HPs)
             Began as a Demigod Fighter on Jan 9, 2016.
             Slain by Reinor's ghost (11 damage)
             ... on level 4 of the Dungeon.
             The game lasted 00:07:55 (2859 turns).

Leibowitz the Shield-Bearer (Demigod Fighter)       Turns: 2859, Time: 00:07:57

Health: -3/45      AC:  4    Str: 19    XL:     5   Next: 28%
Magic:  7/7        EV: 10    Int: 12    God:
Gold:   149        SH: 10    Dex: 17    Spells: 0 memorised, 4 levels left

rFire  . . .     SeeInvis .     a - +0 long sword
rCold  . . .     Gourm    .     e - +0 leather armour
rNeg   . . .     Faith    .     c - +0 shield
rPois  .         Spirit   .     (no helmet)
rElec  .         Dismiss  .     (no cloak)
rCorr  .         Reflect  .     (no gloves)
SustAt +         Harm     .     l - +0 pair of boots
MR     .....                    (no amulet)
Stlth  ++........               (no ring)
                                (no ring)

@: not resistant to hostile enchantments, unstealthy
A: high mp 1, sustain attributes
a: no special abilities


You were on level 4 of the Dungeon.
You were hungry.

You visited 1 branch of the dungeon, and saw 4 of its levels.

You collected 149 gold pieces.

Inventory:

Hand Weapons
 a - a +0 long sword (weapon)
 b - a +0 blowgun
Missiles
 i - 3 javelins (quivered)
 q - 7 poisoned needles
Armour
 c - a +0 shield (worn)
 e - a +0 leather armour (worn)
 l - a +0 pair of boots (worn)
Scrolls
 h - 2 scrolls of recharging
 m - a scroll of blinking {unknown}
 o - a scroll of remove curse {unknown}
 p - a scroll of enchant weapon
Potions
 g - a potion of might
 j - a potion of curing
Comestibles
 d - a meat ration
 f - 2 bread rations
 k - a beef jerky
 n - 2 slices of pizza


   Skills:
 * Level 3.1 Fighting
 * Level 2.5 Long Blades
 + Level 0.1 Throwing
 * Level 3.1 Armour
 * Level 2.1 Dodging
 * Level 1.3 Stealth
 * Level 3.7 Shields


You had 4 spell levels left.
You didn't know any spells.

Dungeon Overview and Level Annotations

Branches:
Dungeon (4/15)
 Temple: D:4-7

Annotations:
D:4 Reinor's ghost, amateur FeMo


Innate Abilities, Weirdness & Mutations

You have an increased reservoir of magic (+10% MP).
Your attributes are resistant to harm.


Message History

You slash Reinor's ghost!
Reinor's ghost is severely damaged.
Reinor's ghost hits you.
You barely miss Reinor's ghost.
Reinor's ghost is severely damaged.
You block Reinor's ghost's attack.
You closely miss Reinor's ghost.
Reinor's ghost is severely damaged.
For a moment, Reinor's ghost blends into the shadows.
Reinor's ghost misses you. Reinor's ghost hits you!
You hit Reinor's ghost.
Reinor's ghost is almost destroyed.
Reinor's ghost hits you!
You completely miss Reinor's ghost.
Reinor's ghost is almost destroyed.
For a moment, Reinor's ghost blends into the shadows.
Reinor's ghost hits you!
* * * LOW HITPOINT WARNING * * *
Reinor's ghost hits you!
You die...

.##############
...............
......W@..(....
.#######....###
....# .....#
##...# ####


You could see Reinor's ghost.

Vanquished Creatures
  Terence (D:2)
  An orc wizard (D:3)
  5 adders
  An ooze (D:1)
  3 giant geckos
  10 orcs (D:3)
  5 bats
  5 giant cockroaches
  13 goblins
  8 hobgoblins
  10 jackals
  12 kobolds
  A ball python (D:3)
  5 giant newts
  2 gnoll zombies (D:3)
  4 rats
86 creatures vanquished.

Notes
Turn   | Place    | Note
--------------------------------------------------------------
     0 | D:1      | Leibowitz the Demigod Fighter began the quest for the Orb.
     0 | D:1      | Reached XP level 1. HP: 18/18 MP: 3/3
    44 | D:1      | Reached skill level 3 in Shields
    70 | D:1      | Reached XP level 2. HP: 23/25 MP: 4/4
   710 | D:2      | Reached XP level 3. HP: 30/30 MP: 5/5
   782 | D:2      | Noticed Terence
   798 | D:2      | Killed Terence
   798 | D:2      | Reached skill level 1 in Dodging
  1087 | D:2      | Found a deep blue altar of Sif Muna.
  1178 | D:2      | Found a bloodstained altar of Trog.
  1261 | D:2      | Reached XP level 4. HP: 38/38 MP: 6/6
  1611 | D:2      | Found an ancient bone altar of Kikubaaqudgha.
  1616 | D:2      | Found a blossoming altar of Fedhas.
  1797 | D:2      | Reached skill level 1 in Stealth
  2411 | D:3      | Reached XP level 5. HP: 45/45 MP: 7/7
  2525 | D:3      | Found a basalt altar of Yredelemnul.
  2852 | D:4      | Noticed Reinor's ghost (amateur FeMo)
  2859 | D:4      | Slain by Reinor's ghost

Vault maps used:
D:1:      lightli_arrival_statue_moat, minmay_misc_feat_roman
D:2:      lemuel_doored_altar, minitemple, uniq_terence
D:3:      lemuel_zombie_altar_yredelemnul
D:4:      first_bread, wad_floor_pattern_untrapped, kennysheep_generic_room_10,
          uniq_sigmund

Action                   |  1- 3 |  4- 6 || total
-------------------------+-------+-------++-------
Melee: Long sword        |   124 |   148 ||   272
Throw: Javelin           |     3 |     8 ||    11
  Use: Scroll            |     3 |       ||     3
       Potion            |     5 |     1 ||     6
 Stab: Sleeping          |     2 |     4 ||     6
  Eat: Chunk             |     1 |     5 ||     6
